 Dungeon Crawl Stone Soup version 0.27.1-33-g824d729ab1 (webtiles) character file.

Game seed: 13099551621397299787

2038 tkbsonic5 the Insei (level 9, -2/80 HPs)
             Began as a Gnoll Transmuter on Nov 25, 2021.
             Was a Follower of Makhleb.
             Slain by an orc warrior (20 damage)
             ... on level 5 of the Dungeon on Nov 28, 2021.
             The game lasted 00:29:53 (5959 turns).

tkbsonic5 the Insei (Gnoll Transmuter)              Turns: 5959, Time: 00:29:54

Health: -2/80      AC:  6    Str: 11    XL:     9   Next: 24%
Magic:  17/18      EV: 12    Int: 14    God:    Makhleb [*.....]
Gold:   351        SH:  0    Dex: 13    Spells: 5/21 levels left

rFire    x . .     SeeInvis .     - Unarmed
rCold    + + +     Faith    .   (shield currently unavailable)
rNeg     . . .     Spirit   .   (armour currently unavailable)
rPois    +         Reflect  .   (helmet currently unavailable)
rElec    .         Harm     .   (cloak currently unavailable)
rCorr    +         Rampage  .   (gloves currently unavailable)
Will     .....                  (boots currently unavailable)
Stlth    ++........             (no amulet)
HPRegen  0.23/turn              l - ring of resist corrosion
MPRegen  0.16/turn              t - ring of protection from cold

@: ice-form, marked
A: freezing attack, amphibious, boosted hp, large, (fangs 1), strong nose,
distributed training
a: End Transformation, Renounce Religion


You were on level 5 of the Dungeon.
You worshipped Makhleb.
Makhleb was aware of your devotion.
You were a creature of crystalline ice.
You visited 1 branch of the dungeon, and saw 6 of its levels.

You collected 351 gold pieces.

Inventory:

Hand Weapons
 n - the +6 short sword "Yroil" {vorpal, rPois MP+9 Int-5 Dex+6, No One}
   (You found it on level 4 of the Dungeon)

   It inflicts extra damage upon your enemies.
   Int:       It affects your intelligence (-5).
   Dex:       It affects your dexterity (+6).
   rPois:     It protects you from poison.
   MP:        It affects your magic capacity (+9).
 w - a +0 shortbow
 y - a +1 falchion of electrocution (melded)
Missiles
 c - 37 sling bullets
 m - 9 poisoned darts
 x - 48 arrows
Armour
 a - a +0 robe (melded)
 e - a +0 leather armour of fire resistance
 i - a +0 ring mail
 s - a +1 cloak of poison resistance (melded)
 A - a +0 pair of boots (melded)
Magical Staves
 o - a staff of fire
Jewellery
 l - a ring of resist corrosion (left front paw)
 t - a ring of protection from cold (right front paw)
Wands
 d - a wand of flame (18)
 j - a wand of acid (10)
Scrolls
 f - 2 scrolls of amnesia
 k - 6 scrolls of teleportation
 r - a scroll of noise {unknown}
 v - 2 scrolls of magic mapping
Potions
 b - 2 potions of brilliance {unknown}
 g - 2 potions of might
 h - a potion of invisibility {unknown}
 p - a potion of magic {unknown}
 q - 3 potions of lignification
 u - 2 potions of flight {unknown}
 z - a potion of heal wounds
 B - a potion of mutation {unknown}


   Skills:
 + Level 4.9 Fighting
 + Level 4.0 Short Blades
 + Level 4.0 Long Blades
 + Level 4.0 Axes
 + Level 4.0 Maces & Flails
 + Level 4.0 Polearms
 + Level 4.0 Staves
 + Level 4.0 Slings
 + Level 4.0 Bows
 + Level 4.0 Crossbows
 + Level 4.0 Throwing
 + Level 4.0 Armour
 + Level 6.2 Dodging
 + Level 4.0 Stealth
 + Level 4.0 Shields
 + Level 7.8 Unarmed Combat
 + Level 6.5 Spellcasting
 + Level 3.3 Conjurations
 + Level 3.3 Hexes
 + Level 3.3 Summonings
 + Level 3.3 Necromancy
 + Level 3.3 Translocations
 + Level 5.1 Transmutations
 + Level 3.3 Fire Magic
 + Level 3.3 Ice Magic
 + Level 3.3 Air Magic
 + Level 3.3 Earth Magic
 + Level 3.3 Poison Magic
 + Level 4.4 Invocations
 + Level 4.0 Evocations


You had 5 spell levels left.
You knew the following spells:

 Your Spells              Type           Power      Damage    Failure   Level
a - Ice Form              Ice/Tmut       16%        N/A       26%         4
b - Magic Dart            Conj           52%        1d5       3%          1
c - Wereblood             Tmut           18%        N/A       2%          2
d - Searing Ray           Conj           26%        3d4       6%          2
e - Spider Form           Tmut/Pois      8%         N/A       8%          3
f - Fulminant Prism       Conj/Hex       6%         3d7       36%         4

Your spell library contained the following spells:

 Spells                   Type           Power      Damage    Failure   Level
 Beastly Appendage        Tmut           36%        N/A       1%          1


Dungeon Overview and Level Annotations

Branches:
Dungeon (6/15)             Temple (0/1) D:4

Altars:
Cheibriados
Dithmenos
Gozag
Makhleb
Nemelex Xobeh
Okawaru
Ru

Shops:
D:2 (


Innate Abilities, Weirdness & Mutations

You are a creature of crystalline ice.
You have a powerful freezing melee attack.
You are amphibious.
Your maximum health is increased.
Your armour is entirely melded.
You are incapable of wielding weapons or throwing items.
((You have very sharp teeth.))
Your uncanny sense of smell can sniff out nearby items.
Your experience applies equally to all skills.


Message History

Makhleb accepts your kill.
You feel better.
The gnoll shaman hits you with a +0 whip.
The gnoll hits you from afar with a +0 spear.
You punch the gnoll shaman! You freeze the gnoll shaman.
The gnoll shaman is heavily wounded.
An orc warrior comes into view. It is wielding a +0 flail.
The gnoll shaman hits you with a +0 whip.
The gnoll closely misses you.
You punch the gnoll shaman! You freeze the gnoll shaman.
You kill the gnoll shaman!
Makhleb accepts your kill. The gnoll closely misses you.
A scorpion comes into view.
Found a book of Spectacle.
The gnoll misses you.
An adder comes into view.
You hit the gnoll. You freeze the gnoll.
The gnoll is moderately wounded.
The orc warrior barely misses you. The gnoll barely misses you.
The orc warrior hits you with a +0 flail!
The gnoll hits you from afar with a +0 spear.
There is a stone staircase leading up here.
You are no longer glowing.
The scorpion stings you.
The orc warrior hits you but does no damage.
The gnoll hits you from afar with a +0 spear.
The scorpion barely misses you.
You climb upwards.
There is a stone staircase leading down here.
You hit the scorpion. You freeze the scorpion.
The scorpion is lightly wounded.
The orc warrior closely misses you. The scorpion closely misses you.
You pummel the scorpion!! You freeze the scorpion!
You kill the scorpion!
Makhleb accepts your kill.
The orc warrior hits you with a +0 flail!
* * * LOW HITPOINT WARNING * * *
You barely miss the orc warrior.
The orc warrior hits you with a +0 flail!!
You die...

#...#......# #..........# #......
...#.......# ##........## #####.#
...........###.........## #)#
.#...#..................# #†#
#...#......##...........### #)#
...#......................### #.#
#...#...####.#>.............###.#
.#...#..................#.....#.#
.............#.)Y).....#####....#
......[......#..o.....#####....(#
...............#####........###.#
..............## #######......#
..............##########...######
......................)..###
..............#...###[#####
..............###.........#
..............###.......#.#


You could see an orc warrior.

Vanquished Creatures
  A two-headed ogre (D:5)
  2 yaks (D:5)
  3 necrophages (D:5)
  2 centaurs
  A scorpion (D:5)
  A gnoll sergeant (D:5)
  A water moccasin zombie (D:5)
  A wyvern skeleton (D:5)
  A howler monkey (D:5)
  A bullfrog zombie (D:5)
  Crazy Yiuf (D:3)
  A gnoll shaman (D:6)
  A hound (D:5)
  A jelly (D:4)
  Terence (D:3)
  Jessica (D:3)
  2 iguanas (D:5)
  4 gnolls
  5 adders
  A shadow imp (D:5)
  2 white imps (D:5)
  An adder skeleton (D:5)
  2 worms
  2 dart slugs
  15 orcs
  5 endoplasms
  2 giant cockroaches (D:1)
  5 goblins
  7 hobgoblins
  12 jackals
  7 kobolds
  2 quokkas
  6 ball pythons
  7 bats
  4 frilled lizards
  3 rats
114 creatures vanquished.

Notes
Turn   | Place    | Note
-------+----------+-------------------------------------------
     0 | D:1      | tkbsonic5 the Gnoll Transmuter began the quest for the Orb.
     0 | D:1      | Reached XP level 1. HP: 17/17 MP: 6/6
    25 | D:1      | Learned a level 1 spell: Magic Dart
   229 | D:1      | Reached XP level 2. HP: 22/23 MP: 1/7
   616 | D:1      | Learned a level 2 spell: Wereblood
   619 | D:1      | Learned a level 2 spell: Searing Ray
  1419 | D:1      | Reached XP level 3. HP: 28/28 MP: 6/9
  1540 | D:2      | Reached skill level 5 in Spellcasting
  1745 | D:2      | Found a faded altar of an unknown god.
  1946 | D:2      | Learned a level 3 spell: Spider Form
  2212 | D:2      | Reached skill level 1 in Invocations
  2492 | D:2      | Found Pusio's Antique Weapon Shop.
  2601 | D:2      | Reached skill level 1 in Short Blades
  2601 | D:2      | Reached skill level 1 in Long Blades
  2601 | D:2      | Reached skill level 1 in Axes
  2601 | D:2      | Reached skill level 1 in Maces & Flails
  2601 | D:2      | Reached skill level 1 in Polearms
  2601 | D:2      | Reached skill level 1 in Staves
  2601 | D:2      | Reached skill level 1 in Slings
  2601 | D:2      | Reached skill level 1 in Bows
  2601 | D:2      | Reached skill level 1 in Crossbows
  2601 | D:2      | Reached skill level 1 in Throwing
  2601 | D:2      | Reached skill level 1 in Armour
  2601 | D:2      | Reached skill level 1 in Stealth
  2601 | D:2      | Reached skill level 1 in Shields
  2601 | D:2      | Reached skill level 1 in Evocations
  2601 | D:2      | Reached XP level 4. HP: 31/34 MP: 6/11
  2925 | D:3      | Noticed Jessica
  2930 | D:3      | Killed Jessica
  2943 | D:3      | Noticed Terence
  2948 | D:3      | Reached skill level 1 in Conjurations
  2948 | D:3      | Reached skill level 1 in Hexes
  2948 | D:3      | Reached skill level 1 in Summonings
  2948 | D:3      | Reached skill level 1 in Necromancy
  2948 | D:3      | Reached skill level 1 in Translocations
  2948 | D:3      | Reached skill level 1 in Fire Magic
  2948 | D:3      | Reached skill level 1 in Ice Magic
  2948 | D:3      | Reached skill level 1 in Air Magic
  2948 | D:3      | Reached skill level 1 in Earth Magic
  2948 | D:3      | Reached skill level 1 in Poison Magic
  3170 | D:3      | Found a runed translucent door.
  3171 | D:3      | Noticed Crazy Yiuf
  3291 | D:3      | Found an iron altar of Okawaru.
  3343 | D:3      | Killed Terence
  3344 | D:3      | Reached XP level 5. HP: 39/40 MP: 7/12
  3382 | D:3      | Found a shadowy altar of Dithmenos.
  3465 | D:3      | Learned a level 4 spell: Ice Form
  3534 | D:3      | Found a burning altar of Makhleb.
  3539 | D:3      | Became a worshipper of Makhleb the Destroyer
  3724 | D:3      | Killed Crazy Yiuf
  3798 | D:4      | Found a staircase to the Ecumenical Temple.
  3862 | D:4      | Identified the +6 short sword "Yroil" {vorpal, rPois MP+9
                  | Int-5 Dex+6}
  4141 | D:4      | Reached XP level 6. HP: 47/47 MP: 13/13
  4273 | D:4      | Found a snail-covered altar of Cheibriados.
  4538 | D:4      | Found a sacrificial altar of Ru.
  4560 | D:4      | Reached skill level 5 in Dodging
  4877 | D:5      | Entered Level 5 of the Dungeon
  4895 | D:5      | Noticed a necrophage
  4905 | D:5      | Killed a necrophage
  4983 | D:5      | Noticed a necrophage
  4984 | D:5      | Reached skill level 7 in Unarmed Combat
  4984 | D:5      | Reached XP level 7. HP: 44/52 MP: 15/15
  4987 | D:5      | Reached * piety under Makhleb
  5151 | D:5      | Reached XP level 8. HP: 46/60 MP: 14/16
  5248 | D:5      | Noticed a yak
  5286 | D:5      | Noticed a yak
  5357 | D:5      | Noticed a two-headed ogre
  5372 | D:5      | Killed a two-headed ogre
  5378 | D:5      | Learned a level 4 spell: Fulminant Prism
  5513 | D:5      | Found an opulent altar of Gozag.
  5625 | D:5      | Found a sparkling altar of Nemelex Xobeh.
  5648 | D:5      | Killed a yak
  5649 | D:5      | Reached skill level 5 in Transmutations
  5649 | D:5      | Reached XP level 9. HP: 66/66 MP: 15/18
  5959 | D:5      | Slain by an orc warrior

Illustrated notes

Levels and vault maps discovered:
D:1:      matt_arrival_los_fun, layout_basic
D:2:      layout_basic, serial_shops, shop,
          shapermc_ecumenical_altar_starsandcircs, minivault_27
D:3:      layout_rooms, grunt_dithmenos_smoke, lightli_temple_of_fire,
          lemuel_doored_altar, lemuel_another_geyser, uniq_jessica,
          uniq_terence, uniq_crazy_yiuf_cottage
D:4:      layout_loops_ring, cheibrodos_worm_habitat, general_overflow_altar,
          minmay_temple_entry_tees
D:5:      cheibrodos_fzero, layout_rooms, grunt_gozag_statues,
          nemelex_altar_shiori
D:6:      layout_loops_cross, lemuel_tele_altar, lemuel_coloured_pillars_altar,
          mainiacjoe_overflow_24_doors

Skill      XL: |  1  2  3  4  5  6  7  8  9 |
---------------+----------------------------+-----
Spellcasting   | 5 6 |  6.5
Invocations    | 1 2 3 4 |  4.4
Short Blades   | 1 2 3 4 |  4.0
Long Blades    | 1 2 3 4 |  4.0
Axes           | 1 2 3 4 |  4.0
Maces & Flails | 1 2 3 4 |  4.0
Polearms       | 1 2 3 4 |  4.0
Staves         | 1 2 3 4 |  4.0
Slings         | 1 2 3 4 |  4.0
Bows           | 1 2 3 4 |  4.0
Crossbows      | 1 2 3 4 |  4.0
Throwing       | 1 2 3 4 |  4.0
Armour         | 1 2 3 4 |  4.0
Stealth        | 1 2 3 4 |  4.0
Shields        | 1 2 3 4 |  4.0
Evocations     | 1 2 3 4 |  4.0
Conjurations   | 1 2 3 |  3.3
Hexes          | 1 2 3 |  3.3
Summonings     | 1 2 3 |  3.3
Necromancy     | 1 2 3 |  3.3
Translocations | 1 2 3 |  3.3
Fire Magic     | 1 2 3 |  3.3
Ice Magic      | 1 2 3 |  3.3
Air Magic      | 1 2 3 |  3.3
Earth Magic    | 1 2 3 |  3.3
Poison Magic   | 1 2 3 |  3.3
Fighting       | 3 4 |  4.9
Transmutations | 4 5 |  5.1
Dodging        | 5 6 |  6.2
Unarmed Combat | 7 |  7.8

Action                   |  1- 3 |  4- 6 |  7- 9 || total
-------------------------+-------+-------+-------++-------
Melee: Unarmed           |    22 |    32 |    37 ||    91
       Dagger            |    42 |       |       ||    42
       Kick              |     5 |     1 |       ||     6
       Headbutt          |     3 |     2 |       ||     5
       Bite              |     4 |     5 |     3 ||    12
       Punch             |     2 |     1 |     1 ||     4
       Trident           |    48 |    27 |       ||    75
       Short sword       |       |    34 |    13 ||    47
       Staff             |       |       |     7 ||     7
       Falchion          |       |       |     4 ||     4
 Fire: Shortbow          |       |       |     3 ||     3
Throw: Dart              |       |    29 |     3 ||    32
 Cast: Magic Dart        |    42 |     3 |    15 ||    60
       Beastly Appendage |     6 |     2 |       ||     8
       Wereblood         |     4 |     1 |     1 ||     6
       Spider Form       |     3 |     5 |     2 ||    10
       Searing Ray       |       |     2 |     5 ||     7
       Ice Form          |       |       |     1 ||     1
Evoke: Wand              |       |     2 |     5 ||     7
  Use: Scroll            |     3 |     6 |     1 ||    10
       Potion            |     1 |       |     1 ||     2
 Stab: Sleeping          |       |     2 |       ||     2
Armor: Robe              |     9 |    11 |     8 ||    28
       Leather armour    |    12 |     1 |       ||    13
       Skin              |       |       |     2 ||     2
Dodge: Dodged            |    94 |    71 |    57 ||   222
       Rpst.: Falchion   |       |       |     1 ||     1
